Map: Incorporeal LE

Players

ZeroTone - Winner!

  • Race: Protoss Protoss
  • League: Diamond
  • Spawn Location: 11:00

ManlyManMeat

  • Race: Zerg Zerg
  • League: Platinum
  • Spawn Location: 5:00

VOD

Have the link to the VOD?

Description

Time

  • Played on: June 21, 2025, 11:41 a.m.
  • Length: 9:08
Show
View Real Time Build Order
Export as new Build Order

ZeroTone Protoss - Winner!

Build Orders: 1 Gate Expand 

Get SALT Encoding   

  12  0:00  Probe  
  13  0:12  Probe  
  14  0:19  Pylon  
  14  0:25  Probe  
  15  0:35  Probe  
  15  0:41  Gateway  
  16  0:44  Probe  
  17  0:50  Assimilator  
  17  0:52  Probe  
  18  1:00  Probe  
  19  1:08  Probe  
  19  1:18  Probe  
  21  1:31  Probe  
  22  1:41  Nexus  
  22  1:43  Probe  
  23  1:50  Cybernetics Core  
  23  1:58  Pylon  
  23  2:03  Assimilator  
  23  2:16  Probe  
  23  2:18  Gateway  
  24  2:23  Stalker  
  24  2:27  Warp Gate  
  26  2:30  Shield Battery  
  26  2:33  Probe  
  27  2:47  Twilight Council  
  27  2:48  Probe  
  28  2:53  Probe  
  29  3:00  Probe  
  29  3:03  Pylon, Charge  
  29  3:05  Probe  
  31  3:13  Pylon, Probe  
  31  3:17  Probe  
  33  3:26  Probe  
  34  3:29  Probe  
  34  3:32  Gateway  
  35  3:39  Gateway  
  35  3:41  Probe  
  36  3:48  Forge  
  36  3:50  Probe  
  36  3:53  Probe  
  38  4:02  Probe  
  39  4:05  Probe  
  40  4:14  Probe  
  40  4:16  Zealot x2  
  45  4:20  Probe  
  46  4:27  Zealot  
  48  4:34  Zealot  
  48  4:37  Zealot x2  
  54  4:40  Protoss Ground Weapons Level 1  
  54  4:51  Zealot  
  56  4:55  Zealot  
  56  5:09  Stalker  
  56  5:12  Zealot x2  
  48  5:37  Stalker  
  48  5:42  Assimilator  
  46  5:44  Zealot x3  
  46  5:46  Dark Shrine  
  52  5:54  Pylon  
  52  6:00  Gateway  
  52  6:01  Zealot  
  52  6:02  Gateway  
  54  6:04  Gateway  
  54  6:07  Assimilator  
  54  6:09  Probe x2  
  56  6:21  Probe  
  56  6:24  Zealot x3  
  56  6:25  Zealot  
  65  6:29  Nexus  
  65  6:32  Pylon  
  65  6:33  Pylon  
  65  6:38  Dark Shrine  
  65  6:45  Zealot x2  
  69  6:49  Pylon  
  69  7:00  Pylon  
  69  7:01  Sentry  
  69  7:02  Sentry  
  73  7:13  Dark Templar x2  
  73  7:15  Dark Templar  
  77  7:16  Dark Templar  
  79  7:30  Probe x2  
  81  7:42  Cybernetics Core  
  79  7:50  Zealot x6  
  79  7:51  Zealot  
  83  7:57  Gateway  
  75  8:10  Dark Templar  
  75  8:11  Dark Templar x5  
  75  8:12  Dark Templar  
  89  8:23  Photon Cannon  
  89  8:25  Photon Cannon  
  89  8:26  Probe  
  90  8:27  Photon Cannon  
  90  8:28  Shield Battery  
  76  8:47  Zealot  
  76  8:48  Zealot x5  
  84  8:51  Probe  
  89  9:01  Archon x3  
Show
View Real Time Build Order
Export as new Build Order

ManlyManMeat Zerg 

Build Orders: Hatch First 

Get SALT Encoding   

  12  0:00  Drone  
  13  0:08  Drone  
  14  0:15  Drone, Extractor  
  15  0:22  Overlord  
  15  0:41  Drone  
  16  0:46  Hatchery  
  16  0:49  Drone  
  16  0:53  Drone  
  17  1:11  Spawning Pool  
  17  1:13  Extractor  
  17  1:17  Drone x2  
  17  1:34  Drone x2  
  19  1:42  Drone  
  20  1:54  Overlord  
  20  1:58  Queen  
  20  2:00  Queen  
  24  2:13  Drone x2  
  24  2:15  Zergling x4  
  28  2:21  Metabolic Boost  
  28  2:27  Drone x2  
  30  2:42  Hatchery  
  29  2:44  Drone  
  29  2:46  Drone  
  29  2:49  Drone  
  32  2:55  Drone x2  
  34  3:02  Overlord  
  34  3:06  Queen  
  36  3:22  Drone x8  
  44  3:28  Extractor  
  43  3:35  Drone  
  43  3:36  Overlord  
  43  3:38  Overlord  
  44  3:51  Overlord  
  44  3:52  Overlord x3  
  44  3:54  Drone  
  45  3:57  Zergling x2  
  46  4:06  Zergling x6  
  49  4:12  Zergling x2  
  49  4:14  Queen  
  49  4:15  Queen  
  54  4:28  Drone x8  
  62  4:37  Baneling Nest, Lair  
  61  4:39  Evolution Chamber x2  
  59  4:49  Zergling x2  
  59  4:50  Zergling x10  
  57  5:04  Zergling x6  
  57  5:05  Zergling x12  
  56  5:14  Zergling x8  
  56  5:22  Zergling x4  
  56  5:26  Queen  
  55  5:29  Baneling  
  55  5:30  Baneling x8  
  50  5:39  Zergling x2  
  50  5:40  Zergling x6  
  54  5:43  Baneling  
  54  5:44  Baneling  
  54  5:52  Queen  
  56  6:16  Zergling x6  
  56  6:17  Zergling x12  
  65  6:20  Zergling x4  
  66  6:33  Zergling x14  
  73  6:49  Centrifugal Hooks  
  73  6:50  Zerg Melee Weapons Level 1, Zerg Ground Armor Level 1  
  60  7:10  Zergling x12  
  60  7:11  Zergling x6  
  60  7:26  Zergling x10  
  60  7:27  Zergling x4  
  42  7:53  Zergling x12  
  43  8:09  Drone x6  
  43  8:12  Baneling x6  
  49  8:13  Baneling x6  
  49  8:20  Drone x2  
  51  8:34  Hatchery  
  43  8:46  Overseer  
Tags
 
Add a new tag
Caveats
  • Supply blocks, unpowered buildings, or Contaminate may cause inaccurate times.
  • Supply counts are checked every 10 seconds.